 Dungeon Crawl Stone Soup version 0.23.1 (webtiles) character file.

Game seed: 2895168783326222705

49 Borgoz the Sneak (level 3, 0/27 HPs)
             Began as a Ghoul Enchanter on Mar 14, 2019.
             Killed from afar by Sigmund (4 damage)
             ... with a magic dart
             ... on level 2 of the Dungeon.
             The game lasted 00:02:37 (1771 turns).

Borgoz the Sneak (Ghoul Enchanter)                  Turns: 1771, Time: 00:02:38

Health: 0/27       AC:  6    Str: 11    XL:     3   Next: 77%
Magic:  4/4        EV: 10    Int: 10    God:
Gold:   61         SH:  0    Dex: 10    Spells: 4/5 levels left

rFire    . . .     SeeInvis .   a - +1 dagger
rCold    + . .     Gourm    .   (no shield)
rNeg     + + +     Faith    .   f - +0 ring mail
rPois    ∞         Spirit   .   (no helmet)
rElec    .         Reflect  .   (no cloak)
rCorr    .         Harm     .   g - +0 pair of gloves
MR       .....                  (no boots)
Stlth    ++........             (no amulet)
HPRegen  0.00/turn              (no ring)
MPRegen  0.09/turn              (no ring)

@: very slightly contaminated, rotting, invisible
A: rotting body, claws 1, carnivore, cold resistance 1, negative energy
resistance 3, inhibited regeneration, torment resistance, unbreathing
a: no special abilities


You were on level 2 of the Dungeon.
You were not hungry.

You visited 1 branch of the dungeon, and saw 2 of its levels.

You collected 61 gold pieces.

Inventory:

Hand Weapons
 a - a +1 dagger (weapon)
Armour
 f - a +0 ring mail (worn)
 g - a +0 pair of gloves (worn)
Jewellery
 i - an uncursed amulet of regeneration {unknown}
Scrolls
 c - a scroll of remove curse
 h - a scroll of identify {unknown}
Potions
 e - a potion of invisibility
Comestibles
 d - 4 rations


   Skills:
 + Level 0.8 Fighting
 + Level 1.8 Short Blades
 + Level 1.9 Dodging
 + Level 3.9 Stealth
 + Level 1.9 Spellcasting
 + Level 2.7 Hexes


You had 4 spell levels left.
You knew the following spells:

 Your Spells              Type           Power        Failure   Level  Hunger
a - Corona                Hex            #......      24%         1    ##.....

Your spell library contained the following spells:

 Spells                   Type           Power        Failure   Level  Hunger
 Ensorcelled Hibernation  Hex/Ice        #.....       54%         2    ###....
 Confuse                  Hex            #.......     58%         3    ####...
 Tukima's Dance           Hex            #.......     58%         3    ####...
 Sticks to Snakes         Tmut           #.......     75%         2    ###....
 Dazzling Spray           Conj/Hex       #.....       78%         3    ####...
 Beastly Appendage        Tmut           Unusable     N/A         1    N/A
 Spider Form              Tmut/Pois      Unusable     N/A         3    N/A
 Ice Form                 Ice/Tmut       Unusable     N/A         4    N/A
 Blade Hands              Tmut           Unusable     N/A         5    N/A

Dungeon Overview and Level Annotations

Branches:
Dungeon (2/15)

Altars:

Annotations:
D:2 Sigmund


Innate Abilities, Weirdness & Mutations

Your body is rotting away.
You thrive on raw meat.
You are immune to poison.
You have sharp fingernails.
You are carnivorous and can eat meat at any time.
Your flesh is cold resistant. (rC+)
You are immune to negative energy. (rN+++)
You do not regenerate when monsters are visible.
You are immune to unholy pain and torment.
You can survive without breathing.


Message History

* * * LOW HITPOINT WARNING * * *
You closely miss Sigmund.
Sigmund is moderately wounded.
You hit Sigmund but do no damage.
Sigmund is moderately wounded.
Sigmund points at you and mumbles some strange words.
The puff of flame misses you.
You barely miss Sigmund.
Sigmund is moderately wounded.
Sigmund closely misses you.
You closely miss Sigmund.
Sigmund is moderately wounded.
You hit Sigmund.
Sigmund is heavily wounded.
Sigmund barely misses you.
You hit Sigmund but do no damage.
Sigmund is heavily wounded.
Sigmund casts a spell at you. The magic dart hits you.
You die...

#.#..#)# #)##.#.#
#.##...# # #(###..# #..
.#)(...># #..
..######## #..######
#####..# #.....(.#
#..@...#
#.......#######)@....#
#.......'......#'###..+
#.......######.#.#
#####'### #...# #.#
##### #.# #.# #.# #.#


You could see Sigmund.

Vanquished Creatures
  An adder (D:2)
  An ooze (D:2)
  A worm (D:2)
  A dart slug (D:2)
  2 giant cockroaches (D:1)
  4 goblins
  6 hobgoblins
  4 kobolds
  4 bats
  A frilled lizard (D:1)
  4 rats
29 creatures vanquished.

Notes
Turn   | Place    | Note
-------+----------+-------------------------------------------
     0 | D:1      | Borgoz the Ghoul Enchanter began the quest for the Orb.
     0 | D:1      | Reached XP level 1. HP: 14/14 MP: 2/2
   491 | D:1      | Reached XP level 2. HP: 17/20 MP: 1/3
   847 | D:1      | Reached skill level 1 in Short Blades
  1455 | D:2      | Reached XP level 3. HP: 19/26 MP: 4/4
  1722 | D:2      | Noticed Sigmund
  1771 | D:2      | Killed from afar by Sigmund

Skill      XL: |  1  2 |
---------------+-------+-----
Short Blades   | 1 |  1.8
Fighting       | |  0.8
Dodging        | |  1.9
Stealth        | |  3.9
Spellcasting   | |  1.9
Hexes          | |  2.7

Action                   || total
-------------------------++-------
Melee: Dagger            ||   163
 Cast: Corona            ||     2
  Use: Scroll            ||     1
       Potion            ||     1
 Stab: Sleeping          ||     7
  Eat: Chunk             ||    12
Armor: Robe              ||    27
       Ring mail         ||    28
Dodge: Dodged            ||    98
